Match 47332503
Unlisted

Match 47332503
End
Kettenkrad Recon Vehicle
Construct Infanterie Kompanie
Grenadier Squad
MG 42 Machine Gun Team
Grenadier Squad
GrW 34 Mortar Team
Construct Panzergrenadier Kompanie
Selects Mechanized Battlegroup
Selects Raid Package
Medical Bunker
Panzergrenadier Squad
Pak 40 Anti-tank Gun Team
Pak 40 Anti-tank Gun Team
Selects 8 Rad Armored Car
8 Rad Armored Car
Support Elements
MG 42 Machine Gun Team
Nebelwerfer 42 Rocket Launcher Team
Selects UNKNOWN (2160084)
Construct Panzer Kompanie
Selects Spotting Scopes
Selects Stoßtruppen Assault Package
Pioneer Squad
Panther Heavy Tank
Medical Station
Selects Zeroing Artillery Barrage
Zeroing Artillery Barrage
Sturmpanzer IV Brummbär
Stoßtruppen Squad
Panther Heavy Tank
Panther Heavy Tank
Zeroing Artillery Barrage
Pioneer Squad
Pioneer Squad
Genki
Scavenger
C. Troy
marty_not_mcfly
0
0

Comments sign in to comment!

No comments posted yet!